[Event "SR 4. liga A21 2010/2011"]
[Site "?"]
[Date "2011.02.06"]
[Round "8.3"]
[White "Danada, Tomas"]
[Black "Cerovsky, Marian"]
[Result "1/2-1/2"]
[ECO "A06"]
[WhiteElo "1838"]
[BlackElo "1783"]
[PlyCount "49"]
[EventDate "2010.??.??"]
[TimeControl "240+2"]

{393MB, Fritz10.ctg} 1. Nf3 d5 2. c4 c6 3. e3 e6 4. b3 Nf6 5. Bb2 Be7 6. g4 O-O
7. g5 Ne4 8. h4 f6 9. Bd3 f5 10. Ne5 Nd7 11. Nxd7 Bxd7 12. f4 Qe8 13. Nc3 Bb4
14. Bxe4 fxe4 15. a3 Bxc3 16. Bxc3 c5 17. Be5 Rc8 18. h5 Rf5 19. Qc2 Qe7 20.
Qc3 b6 21. a4 a5 22. Ke2 Bc6 23. Rag1 Ra8 24. Rh2 Ra7 25. Rhh1 1/2-1/2

[Event "SR 4. liga A21 2010/2011"]
[Site "?"]
[Date "2011.03.20"]
[Round "11.1"]
[White "Berger, Patrik"]
[Black "Orvisky, Vladimir"]
[Result "0-1"]
[ECO "B05"]
[WhiteElo "1720"]
[BlackElo "1845"]
[PlyCount "104"]
[EventDate "2010.??.??"]
[TimeControl "240+2"]

1. e4 Nf6 2. e5 Nd5 3. d4 d6 4. c4 Nb6 5. Nf3 Bg4 6. exd6 exd6 7. Be2 Be7 8.
O-O O-O 9. b3 Bf6 10. Bb2 Nc6 11. Nbd2 Re8 12. Re1 d5 13. c5 Nd7 14. Qc2 g6 15.
a3 Bf5 16. Bd3 Rxe1+ 17. Rxe1 Bxd3 18. Qxd3 Nxc5 19. Qb5 Ne6 20. Qxb7 Nexd4 21.
Bxd4 Nxd4 22. Nxd4 Bxd4 23. Nf3 Bb6 24. Rd1 d4 25. b4 a5 26. b5 Rb8 27. Qe4 Qd6
28. Qd3 Rd8 29. Rc1 Qd5 30. Re1 Qd6 31. Rc1 Qf4 32. Re1 Qd6 33. Rc1 Re8 34. Rc6
Qe7 35. Kf1 Qe4 36. Qxe4 Rxe4 37. Rc4 f5 38. Nd2 Re5 39. f3 Rc5 40. Rxc5 Bxc5
41. a4 Kf7 42. Nc4 Bb6 43. Ke2 Ke6 44. Kd3 Kd5 45. Na3 c6 46. Nc4 Bc7 47. b6
Bxh2 48. Nxa5 c5 49. Nc4 Kc6 50. Ke2 h5 51. Kf2 h4 52. Ke2 g5 0-1

[Event "SR 4. liga A21 2010/2011"]
[Site "?"]
[Date "2011.03.20"]
[Round "11.1"]
[White "Gubis, Vladimir"]
[Black "Harasta, Juraj"]
[Result "1-0"]
[ECO "D02"]
[WhiteElo "1795"]
[BlackElo "1706"]
[PlyCount "63"]
[EventDate "2010.??.??"]
[TimeControl "240+2"]

1. d4 d5 2. Bf4 Nf6 3. e3 Bf5 4. Bd3 Bxd3 5. Qxd3 e6 6. Nf3 Bd6 7. Bg3 O-O 8.
Nbd2 Nbd7 9. c4 Re8 10. cxd5 Nxd5 11. Bxd6 cxd6 12. O-O Rc8 13. Rac1 N7b6 14.
Qa3 Rxc1 15. Rxc1 a6 16. g3 Re7 17. Qa5 Rc7 18. Rxc7 Qxc7 19. e4 Nf6 20. b3 Qc6
21. e5 Nfd7 22. exd6 Qxd6 23. Qc3 h6 24. Ne5 Nd5 25. Qc8+ Nf8 26. Qxb7 Nc3 27.
Qxf7+ Kh7 28. Ndf3 Ne2+ 29. Kg2 Nxd4 30. Ng4 Nxf3 31. Nf6+ Kh8 32. Qg8# 1-0

[Event "SR 4. liga A21 2010/2011"]
[Site "?"]
[Date "2011.03.20"]
[Round "11.1"]
[White "Harasta, Marian"]
[Black "Sedlak, Rastislav"]
[Result "1-0"]
[ECO "D12"]
[WhiteElo "1663"]
[BlackElo "1560"]
[PlyCount "131"]
[EventDate "2010.??.??"]
[TimeControl "240+2"]

1. d4 d5 2. c4 c6 3. Nc3 Nf6 4. Nf3 Bf5 5. e3 e6 6. c5 Be7 7. Bd3 Bxd3 8. Qxd3
O-O 9. b4 a5 10. Ba3 b6 11. O-O axb4 12. Bxb4 Na6 13. a3 Nxb4 14. axb4 b5 15.
Ne5 Qc7 16. Ra5 Rxa5 17. bxa5 Nd7 18. Nxd7 Qxd7 19. e4 Ra8 20. Ra1 Bd8 21. exd5
exd5 22. a6 Qc8 23. Qe2 Bf6 24. Qe3 h6 25. a7 Qb7 26. g3 Rxa7 27. Rb1 Ra3 28.
Qd2 b4 29. Ne2 b3 30. Qc3 Qb5 31. Nc1 Qc4 32. Qb2 Qc2 33. Nxb3 Qxb2 34. Rxb2
Ra4 35. Rd2 Rb4 36. Rd3 g5 37. Kg2 Kg7 38. Kf3 Kg6 39. g4 h5 40. h3 Bg7 41. Ke3
f5 42. gxf5+ Kxf5 43. Na5 Bh6 44. Nxc6 g4+ 45. Ke2 Rb2+ 46. Kf1 Ke4 47. Ra3 Bg7
48. Re3+ Kf4 49. hxg4 hxg4 50. Ne5 Rd2 51. c6 Rxd4 52. c7 Bxe5 53. c8=Q Bf6 54.
Qc7+ Kf5 55. Qd7+ Kg5 56. Qe6 Rd2 57. Re5+ Bxe5 58. Qxe5+ Kg6 59. Qe6+ Kh5 60.
Qf5+ Kh4 61. Qf4 Rxf2+ 62. Kxf2 Kh5 63. Qf5+ Kh4 64. Qxd5 g3+ 65. Kg1 Kh3 66.
Qh5# 1-0

[Event "SR 4. liga A21 2010/2011"]
[Site "?"]
[Date "2011.03.20"]
[Round "11.1"]
[White "Nemsak, Denis"]
[Black "Brisudova, Veronika"]
[Result "1-0"]
[ECO "A87"]
[WhiteElo "1791"]
[BlackElo "1797"]
[PlyCount "41"]
[EventDate "2010.??.??"]
[TimeControl "240+2"]

1. c4 f5 2. Nc3 Nf6 3. d4 g6 4. Nf3 Bg7 5. g3 O-O 6. Bg2 d6 7. O-O Nbd7 {?} 8.
Ng5 Nb6 9. Qb3 c5 10. dxc5 h6 11. cxb6 hxg5 12. c5+ Kh7 13. cxd6 Qxd6 14. Bxg5
axb6 15. Rfd1 Qe6 16. Qb4 Ra6 17. e3 b5 18. Nd5 Nxd5 19. Bxd5 Qe5 20. Qh4+ Bh6
21. Qxh6# 1-0

[Event "SR 4. liga A21 2010/2011"]
[Site "?"]
[Date "2011.03.20"]
[Round "11.1"]
[White "Oravec, Pavol"]
[Black "Jarabek, Milan"]
[Result "1-0"]
[ECO "D03"]
[WhiteElo "1373"]
[BlackElo "1522"]
[PlyCount "81"]
[EventDate "2010.??.??"]
[TimeControl "240+2"]

1. d4 Nf6 2. Nf3 g6 3. Bg5 Bg7 4. e3 O-O 5. Bd3 d5 6. c3 Nbd7 7. Nbd2 c5 8. Rc1
b6 9. O-O Qc7 10. Bf4 Qd8 11. Ne5 Bb7 12. Ndf3 Nh5 13. Nxd7 Qxd7 14. Ne5 Qd8
15. Re1 Nxf4 16. exf4 Qc7 17. f5 Bxe5 18. Rxe5 Qd6 19. fxg6 fxg6 20. Qe2 Rf7
21. Re6 Qf4 22. Rf1 Re8 23. g3 Qf3 24. Qxf3 Rxf3 25. Bb5 Ref8 26. Rxe7 R8f7 27.
Rxf7 Rxf7 28. Re1 a6 29. Re8+ Rf8 30. Rxf8+ Kxf8 31. Bd3 c4 32. Bc2 Kf7 33. f4
Bc8 34. Kf2 b5 35. Ke3 a5 36. Bd1 Kf6 37. g4 Bd7 38. Bf3 Bc6 39. g5+ Kf5 40. h3
Bb7 41. Bg4# 1-0

[Event "SR 4. liga A21 2010/2011"]
[Site "?"]
[Date "2011.03.20"]
[Round "11.3"]
[White "Danada, Tomas"]
[Black "Hrubsa, Marian"]
[Result "1/2-1/2"]
[ECO "E01"]
[WhiteElo "1838"]
[BlackElo "1979"]
[PlyCount "58"]
[EventDate "2010.??.??"]
[TimeControl "240+2"]

{393MB, Fritz10.ctg} 1. Nf3 d5 2. c4 e6 3. d4 Nf6 4. g3 c6 5. Qc2 Nbd7 6. Bg2
Be7 7. O-O Ne4 8. Nbd2 f5 9. Nxe4 fxe4 10. Nd2 O-O 11. f3 Bf6 12. e3 Bg5 13. f4
Be7 14. b3 Nf6 15. a4 a5 16. Ba3 Bxa3 17. Rxa3 Bd7 18. h3 b6 19. c5 Qe7 20. Rc1
Rfb8 21. Ra2 bxc5 22. Qxc5 Qxc5 23. Rxc5 Rb6 24. Rac2 Ne8 25. Bf1 Kf7 26. Kf2
Nd6 27. Be2 Ke7 28. Rc1 Nb7 29. R5c3 Kd6 1/2-1/2

[Event "SR 4. liga A21 2011/2012"]
[Site "?"]
[Date "2012.03.15"]
[Round "11.4"]
[White "Bardik, Jozef"]
[Black "Lezovic, Martin"]
[Result "1-0"]
[ECO "D10"]
[WhiteElo "1833"]
[BlackElo "1658"]
[PlyCount "67"]
[EventDate "2011.??.??"]
[TimeControl "1500"]

{319MB, Fritz11.ctg} 1. d4 d5 2. c4 c6 3. Nc3 Nf6 4. e3 Nbd7 5. f4 e6 6. Bd2
Ne4 7. Nf3 Be7 8. g3 f5 9. Nxe4 dxe4 10. Ne5 Nxe5 11. fxe5 O-O 12. Qb3 b6 13.
O-O-O Qc7 14. Kb1 c5 15. h4 Bb7 16. Rh2 Rfd8 17. Bc3 Kh8 18. d5 exd5 19. cxd5
Qd7 20. d6 Bf8 21. Rf2 Bc8 22. Bb5 Qe6 23. Bc4 Qg6 24. Rg1 Bxd6 25. exd6 Qxd6
26. Rd2 Qe7 27. Rxd8+ Qxd8 28. Rd1 Qc7 29. Be5 Qe7 30. Bd6 Qd7 31. Bxc5 Qc7 32.
Bd6 Qd7 33. Bf4 Qe7 34. Bg5 1-0

[Event "SR 1. liga zapad 2011/2012"]
[Site "?"]
[Date "2011.12.10"]
[Round "5.4"]
[White "Borik, Juraj"]
[Black "Skrabakova, Katarina"]
[Result "1/2-1/2"]
[ECO "D55"]
[WhiteElo "2198"]
[BlackElo "2047"]
[PlyCount "64"]
[EventDate "2011.??.??"]
[TimeControl "180"]

1. d4 d5 2. c4 e6 3. Nf3 Nf6 4. Nc3 c6 5. Bg5 Be7 6. e3 h6 7. Bf4 O-O 8. h3 Bd6
9. Ne5 dxc4 10. Bxc4 Qc7 11. O-O Nbd7 12. Nxd7 Bxd7 13. Bxd6 Qxd6 14. Qf3 c5
15. d5 exd5 16. Nxd5 Nxd5 17. Bxd5 Rab8 18. Rfd1 Qe7 19. Rac1 b6 20. b4 Ba4 21.
Rd2 cxb4 22. Rc4 Rbc8 23. Re4 Rc1+ 24. Kh2 Qc7+ 25. g3 Rb1 26. Rc4 Qe7 27. Qf5
Rd1 28. Rxd1 Bxd1 29. Re4 Qc5 30. Rc4 Qe7 31. Re4 Qc5 32. Rc4 Qe7 1/2-1/2

[Event "SR 1. liga zapad 2011/2012"]
[Site "?"]
[Date "2011.12.10"]
[Round "5.4"]
[White "Gombar, Peter"]
[Black "Orgon, Dusan"]
[Result "0-1"]
[ECO "C04"]
[WhiteElo "2033"]
[BlackElo "2107"]
[PlyCount "92"]
[EventDate "2011.??.??"]
[TimeControl "180"]

1. e4 e6 2. d4 d5 3. Nd2 Nc6 4. c3 e5 5. dxe5 Nxe5 6. Ngf3 Nxf3+ 7. Nxf3 Be6 8.
exd5 Qxd5 9. Qxd5 Bxd5 10. Be2 O-O-O 11. O-O Bd6 12. Be3 Ne7 13. Nd4 a6 14. Bf3
Rhe8 15. Rfe1 Bxf3 16. Nxf3 Nf5 17. Bd2 f6 18. Rxe8 Rxe8 19. Re1 Rxe1+ 20. Nxe1
Kd7 21. Nd3 c5 22. c4 b5 23. b3 Kc6 24. Bc3 bxc4 25. bxc4 Bc7 26. h3 Nd6 27.
Nb2 Ne4 28. Nd1 Bf4 29. f3 Nd6 30. Nb2 Bc1 31. Nd3 Be3+ 32. Kf1 Nxc4 33. Ke2
Kd5 34. g4 Bd4 35. Nf4+ Ke5 36. Nd3+ Kd6 37. Bxd4 cxd4 38. f4 a5 39. Nf2 Kd5
40. Kd3 Nd6 41. h4 Nb7 42. h5 Nc5+ 43. Kc2 Kc4 44. Nd1 d3+ 45. Kd2 Kd4 46. Nb2
Ne4+ 0-1

[Event "SR 1. liga zapad 2011/2012"]
[Site "?"]
[Date "2011.12.10"]
[Round "5.4"]
[White "Jakubek, Peter"]
[Black "Bombek, Peter"]
[Result "1/2-1/2"]
[ECO "A07"]
[WhiteElo "2144"]
[BlackElo "2179"]
[PlyCount "80"]
[EventDate "2011.??.??"]
[TimeControl "180"]

1. Nf3 d5 2. g3 c6 3. Bg2 Nf6 4. O-O Bg4 5. d3 Nbd7 6. Nbd2 e5 7. h3 Bh5 8. e4
dxe4 9. dxe4 Bc5 10. c3 O-O 11. Qc2 Qe7 12. b4 Bb6 13. Nc4 Bc7 14. Ne3 Rfd8 15.
Nf5 Qe8 16. Bg5 Bg6 17. N3h4 h6 18. Be3 Qe6 19. Rfd1 Nb6 20. Bc5 Kh7 21. Bf1
Nc4 22. Nxg6 fxg6 23. Qb3 Nxe4 24. Ne3 b5 25. Nxc4 Nxc5 26. bxc5 bxc4 27. Bxc4
Qxh3 28. Rxd8 Rxd8 29. Rd1 e4 30. Rxd8 Bxd8 31. Qb7 e3 32. Qxc6 exf2+ 33. Kxf2
Qf5+ 34. Kg2 Qc2+ 35. Kh3 Qf5+ 36. Kg2 Qc2+ 37. Kh3 Qf5+ 38. Kg2 Qc2+ 39. Kh3
Qf5+ 40. Kg2 Qc2+ 1/2-1/2

[Event "SR 1. liga zapad 2011/2012"]
[Site "?"]
[Date "2011.12.10"]
[Round "5.4"]
[White "Motuz, Karol"]
[Black "Vojtek, Vladimir"]
[Result "1/2-1/2"]
[ECO "D50"]
[WhiteElo "2346"]
[BlackElo "2311"]
[PlyCount "55"]
[EventDate "2011.??.??"]
[TimeControl "180"]

1. d4 d5 2. c4 e6 3. Nc3 c5 4. Nf3 Nf6 5. Bg5 cxd4 6. Nxd4 Be7 7. e3 O-O 8.
cxd5 Nxd5 9. Bxe7 Nxe7 10. Be2 a6 11. O-O Nbc6 12. Nb3 b6 13. Qxd8 Rxd8 14.
Rfd1 Kf8 15. Rxd8+ Nxd8 16. Rd1 Nec6 17. Bf3 Rb8 18. Rd6 Bb7 19. Rd7 Ke8 20.
Rc7 Ne5 21. Be2 Rc8 22. Rxc8 Bxc8 23. Na4 Nd7 24. Nd4 Bb7 25. f4 Ke7 26. Kf2
Kd6 27. a3 Nc6 28. Nxc6 1/2-1/2

[Event "SR 1. liga zapad 2011/2012"]
[Site "?"]
[Date "2011.12.10"]
[Round "5.4"]
[White "Obona, Jan"]
[Black "Podoba, Milan"]
[Result "1/2-1/2"]
[ECO "A12"]
[WhiteElo "2151"]
[BlackElo "2157"]
[PlyCount "39"]
[EventDate "2011.??.??"]
[TimeControl "180"]

1. Nf3 d5 2. c4 c6 3. b3 Bf5 4. g3 e6 5. Bb2 Nf6 6. Bg2 h6 7. O-O Nbd7 8. d3
Be7 9. Nbd2 O-O 10. a3 a5 11. Rc1 Bh7 12. Rc2 Qb6 13. Qa1 Rfc8 14. Bc3 Ne8 15.
Ne5 Nxe5 16. Bxe5 Bf6 17. Rfc1 Bxe5 18. Qxe5 Nf6 19. c5 Qc7 20. Qxc7 1/2-1/2

[Event "SR 1. liga zapad 2011/2012"]
[Site "?"]
[Date "2011.12.10"]
[Round "5.4"]
[White "Pupak, Tomas"]
[Black "Kvassay, Peter"]
[Result "1-0"]
[ECO "C28"]
[WhiteElo "1968"]
[BlackElo "2080"]
[PlyCount "59"]
[EventDate "2011.??.??"]
[TimeControl "180"]

1. e4 e5 2. Nc3 Nf6 3. Bc4 Nc6 4. d3 Na5 5. Nge2 a6 6. a4 Nxc4 7. dxc4 Bc5 8.
O-O d6 9. Qd3 O-O 10. Nd5 Nxd5 11. cxd5 f5 12. Be3 fxe4 13. Qxe4 Bf5 14. Qc4
Bxe3 15. fxe3 Qg5 16. Ng3 Qxe3+ 17. Kh1 Bg6 18. Qxc7 Rfd8 19. Nf5 Bxf5 20. Rxf5
Rf8 21. Rxf8+ Rxf8 22. Qxd6 Qe2 23. Qe6+ Kh8 24. h3 Rf1+ 25. Kh2 Rf8 26. Qe7
Kg8 27. d6 h6 28. d7 Qd2 29. Rf1 Ra8 30. Qe8+ 1-0

[Event "SR 1. liga zapad 2011/2012"]
[Site "?"]
[Date "2011.12.10"]
[Round "5.4"]
[White "Rakay, Kvetoslav"]
[Black "Chovanec, Milan"]
[Result "1/2-1/2"]
[ECO "D07"]
[WhiteElo "2022"]
[BlackElo "2137"]
[PlyCount "52"]
[EventDate "2011.??.??"]
[TimeControl "180"]

1. d4 d5 2. c4 Nc6 3. cxd5 Qxd5 4. e3 e5 5. Nc3 Bb4 6. Bd2 Bxc3 7. bxc3 Nf6 8.
f3 Qd6 9. Bb5 O-O 10. Ne2 Bd7 11. O-O Nxd4 12. Nxd4 exd4 13. Bxd7 dxe3 14. Bxe3
Qxd7 15. Qb3 b6 16. Rad1 Qf5 17. Rd4 Rfe8 18. Rf4 Qe5 19. Bc1 Rad8 20. h4 Nd5
21. Rc4 Re6 22. f4 Qf5 23. Rd4 Red6 24. Re1 Qf6 25. Rxd5 Qxh4 26. Ree5 h6
1/2-1/2

[Event "SR 1. liga zapad 2011/2012"]
[Site "?"]
[Date "2011.12.10"]
[Round "5.4"]
[White "Srvatka, Igor"]
[Black "Pecha, Tomas"]
[Result "1/2-1/2"]
[ECO "D46"]
[WhiteElo "2226"]
[BlackElo "2239"]
[PlyCount "41"]
[EventDate "2011.??.??"]
[TimeControl "180"]

1. Nf3 Nf6 2. d4 d5 3. c4 c6 4. Nc3 e6 5. e3 Nbd7 6. Qc2 Bd6 7. Bd3 O-O 8. O-O
Re8 9. e4 dxe4 10. Nxe4 Nxe4 11. Bxe4 h6 12. b3 e5 13. Bb2 exd4 14. Bxd4 Ne5
15. Rad1 Nxf3+ 16. Bxf3 Qc7 17. h3 Be6 18. Qb2 Bf8 19. Be5 Qa5 20. Bc3 Qc7 21.
Be5 1/2-1/2

[Event "SR 1. liga zapad 2011/2012"]
[Site "?"]
[Date "2012.01.08"]
[Round "7.3"]
[White "Bury, Rastislav"]
[Black "Obona, Jan"]
[Result "0-1"]
[ECO "E09"]
[WhiteElo "2173"]
[BlackElo "2151"]
[PlyCount "156"]
[EventDate "2011.??.??"]
[TimeControl "180"]

1. d4 d5 2. c4 e6 3. Nf3 c6 4. Qc2 Nd7 5. g3 Ngf6 6. Bg2 Be7 7. O-O O-O 8. Nbd2
b6 9. b3 Ba6 10. Bb2 Rc8 11. Rfc1 h6 12. e4 dxe4 13. Nxe4 Nxe4 14. Qxe4 c5 15.
Rd1 Nf6 16. Qe2 Qc7 17. Ne5 cxd4 18. Nc6 e5 19. Qxe5 Bd6 20. Qxd4 Bc5 21. Qe5
Bxf2+ 22. Kf1 Bc5 23. Qf5 Rce8 24. Bxf6 gxf6 25. Bd5 Bc8 26. Qg6+ Kh8 27. Qxh6+
Kg8 28. Qg6+ Kh8 29. Qxf6+ Kh7 30. Re1 Bh3+ 31. Bg2 Re6 32. Qh4+ Rh6 33. Qe4+
f5 34. Qd5 Bxg2+ 35. Kxg2 Qxc6 36. Rad1 Qxd5+ 37. cxd5 f4 38. Rf1 fxg3 39. hxg3
Rxf1 40. Rxf1 Kg7 41. Rf4 Rg6 42. Ra4 a5 43. a3 Bd6 44. g4 Rg5 45. Kf3 Rxd5 46.
Ke4 Rb5 47. b4 axb4 48. Ra7+ Kg6 49. axb4 Rxb4+ 50. Kd5 Bc5 51. Kc6 Rxg4 52.
Ra1 Rf4 53. Re1 Kf7 54. Kb5 Rf6 55. Re4 Re6 56. Rh4 Be7 57. Rh8 Bc5 58. Rh1 Ke7
59. Rd1 Rd6 60. Rh1 Kd8 61. Rh8+ Kc7 62. Rh7+ Rd7 63. Rh6 Rd5 64. Rh7+ Be7+ 65.
Kc4 Rc5+ 66. Kb3 Re5 67. Ka4 Kc6 68. Kb3 Re3+ 69. Kc2 Bc5 70. Rh8 Kb5 71. Rh4
Bb4 72. Rh6 Ka5 73. Rh8 Ka4 74. Kb1 Kb3 75. Rh1 Re1+ 76. Rxe1 Bxe1 77. Ka1 Kc2
78. Ka2 b5 0-1

[Event "SR 1. liga zapad 2011/2012"]
[Site "?"]
[Date "2012.01.08"]
[Round "7.3"]
[White "Chovanec, Milan"]
[Black "Polasek, Filip"]
[Result "1-0"]
[ECO "C68"]
[WhiteElo "2137"]
[BlackElo "2123"]
[PlyCount "83"]
[EventDate "2011.??.??"]
[TimeControl "180"]

1. e4 e5 2. Nf3 Nc6 3. Bb5 a6 4. Bxc6 bxc6 5. d4 exd4 6. Nxd4 Bc5 7. O-O Ne7 8.
Nb3 Bb6 9. c4 O-O 10. c5 Ba7 11. Nc3 d6 12. Be3 Be6 13. Qe2 Ng6 14. f4 f5 15.
Nd4 Qe8 16. g4 Bxc5 17. exf5 Bxf5 18. gxf5 Bxd4 19. Bxd4 Qxe2 20. Nxe2 Rxf5 21.
Rac1 c5 22. Be3 Re8 23. Rc3 Rf7 24. Ng3 Kf8 25. Ra3 Ke7 26. Rxa6 Kd7 27. Bd2
Rb8 28. b3 Rbf8 29. Ra4 d5 30. Ra5 Nxf4 31. Bxf4 Rxf4 32. Rxf4 Rxf4 33. Rxc5
Kd6 34. Rc2 c5 35. Rf2 Rg4 36. Kf1 g6 37. Ke2 Kc6 38. Ke3 Kb5 39. Rf4 d4+ 40.
Ke4 d3 41. Rxg4 d2 42. Ne2 1-0

[Event "SR 1. liga zapad 2011/2012"]
[Site "?"]
[Date "2012.01.08"]
[Round "7.3"]
[White "Kvassay, Peter"]
[Black "Diviak, Rastislav"]
[Result "1/2-1/2"]
[ECO "D49"]
[WhiteElo "2080"]
[BlackElo "2020"]
[PlyCount "96"]
[EventDate "2011.??.??"]
[TimeControl "180"]

1. d4 d5 2. Nf3 Nf6 3. c4 c6 4. Nc3 e6 5. e3 Nbd7 6. Bd3 dxc4 7. Bxc4 b5 8. Bd3
a6 9. e4 c5 10. e5 cxd4 11. Nxb5 axb5 12. exf6 Bb4+ 13. Bd2 Bxd2+ 14. Qxd2 Qxf6
15. Bxb5 e5 16. O-O O-O 17. Rfe1 Nb6 18. Nxe5 Bb7 19. Qxd4 Rfd8 20. Qe3 Qe6 21.
Nc6 Qxe3 22. Rxe3 Bxc6 23. Bxc6 Rxa2 24. Rae1 g6 25. R3e2 Nc4 26. Bb5 Nd6 27.
Bc6 Rb8 28. Rb1 Nc4 29. Bd5 Raxb2 30. Rexb2 Rxb2 31. Rd1 Ne5 32. h3 Rc2 33. f4
Nc4 34. Bxc4 Rxc4 35. Rf1 h5 36. g3 Rc2 37. Rf2 Rxf2 38. Kxf2 Kg7 39. Ke3 Kf6
40. Ke4 Ke6 41. f5+ gxf5+ 42. Kf4 h4 43. gxh4 Kf6 44. h5 Kg7 45. Kxf5 Kh6 46.
Kf6 Kxh5 47. Kxf7 Kh4 48. Kf6 Kxh3 1/2-1/2

[Event "SR 1. liga zapad 2011/2012"]
[Site "?"]
[Date "2012.01.08"]
[Round "7.3"]
[White "Motuz, Karol"]
[Black "Meszaros, Michal"]
[Result "0-1"]
[ECO "A48"]
[WhiteElo "2346"]
[BlackElo "2377"]
[PlyCount "130"]
[EventDate "2011.??.??"]
[TimeControl "180"]

1. d4 Nf6 2. Nf3 g6 3. Bf4 Bg7 4. e3 O-O 5. Be2 d6 6. h3 c5 7. Nbd2 b6 8. O-O
Bb7 9. c3 Nbd7 10. Bh2 Rc8 11. a4 a6 12. Bd3 Rc7 13. Qe2 Qa8 14. e4 cxd4 15.
cxd4 Ne8 16. Rfe1 Rc8 17. Nc4 Nc7 18. a5 Qa7 19. axb6 Nxb6 20. Na5 Ba8 21. Bf4
d5 22. e5 Nd7 23. Ra3 e6 24. Qd2 Rb8 25. Bh6 Nb5 26. Bxg7 Kxg7 27. Ra4 Qb6 28.
h4 h5 29. Qf4 Bc6 30. Ra2 Nc7 31. Re3 Bb5 32. Bb1 f5 33. exf6+ Rxf6 34. Qg5 Nf8
35. Raa3 Ne8 36. Kh2 Nd6 37. Qe5 Nd7 38. Qg3 Nf5 39. Bxf5 Rxf5 40. Nb3 Rbf8 41.
Nc5 R8f6 42. Ng5 Nf8 43. f3 Kh6 44. Rac3 Be8 45. b3 Bf7 46. Re5 Rf4 47. Rce3
Bg8 48. Rd3 Qd6 49. Nh3 R4f5 50. Qe1 Nd7 51. Nxd7 Qxd7 52. Re2 Qc7+ 53. Kh1 Rf8
54. Rc3 Qb6 55. Qd2+ Kg7 56. Ng5 Rf4 57. g3 Rxd4 58. Qc1 Qd6 59. Rc7+ Kh8 60.
Kg2 Rd1 61. Qb2+ d4 62. Qc2 e5 63. Rc6 d3 64. Qc3 dxe2 65. Rxd6 e1=Q 0-1

[Event "SR 1. liga zapad 2011/2012"]
[Site "?"]
[Date "2012.01.08"]
[Round "7.3"]
[White "Pagerka, Martin"]
[Black "Jakubek, Peter"]
[Result "1-0"]
[ECO "B11"]
[WhiteElo "2200"]
[BlackElo "2144"]
[PlyCount "97"]
[EventDate "2011.??.??"]
[TimeControl "180"]

1. e4 c6 2. Nc3 d5 3. Nf3 Bg4 4. h3 Bxf3 5. Qxf3 e6 6. Be2 Nd7 7. O-O Ngf6 8.
d4 dxe4 9. Nxe4 Nxe4 10. Qxe4 Nf6 11. Qe3 Be7 12. Qg3 O-O 13. Bh6 Ne8 14. Be3
Nd6 15. Bd3 Nf5 16. Bxf5 exf5 17. c4 Re8 18. Rfd1 Bd6 19. Qf3 Qf6 20. d5 Be5
21. Rab1 f4 22. Bc5 b6 23. Ba3 c5 24. b4 Bd4 25. bxc5 bxc5 26. Rb5 a6 27. Rb7
Qe5 28. Rdb1 h6 29. Bb2 Rad8 30. Qd3 Bxb2 31. R1xb2 Qe1+ 32. Kh2 Qe5 33. Rd2
Rd6 34. Qf3 Rf6 35. Rbb2 Qd6 36. Re2 Re5 37. Rb6 Qxb6 38. Rxe5 Qb2 39. Qe4 Rg6
40. Qxf4 Rf6 41. Qe4 g6 42. f3 Kh7 43. Re7 Qxa2 44. Qd3 Qa5 45. d6 Qb6 46. d7
Qd6+ 47. Qxd6 Rxd6 48. Rxf7+ Kg8 49. Re7 1-0

[Event "SR 1. liga zapad 2011/2012"]
[Site "?"]
[Date "2012.01.08"]
[Round "7.3"]
[White "Pericka, Tomas"]
[Black "Capak, Stefan"]
[Result "0-1"]
[ECO "B83"]
[WhiteElo "2008"]
[BlackElo "2020"]
[PlyCount "80"]
[EventDate "2011.??.??"]
[TimeControl "180"]

1. e4 c5 2. Nf3 e6 3. Nc3 Nc6 4. d4 cxd4 5. Nxd4 d6 6. Be2 Nf6 7. g4 h6 8. Be3
Be7 9. Qd2 a6 10. O-O-O Nxd4 11. Bxd4 e5 12. Be3 Nxg4 13. Bxg4 Bxg4 14. Nd5
Bxd1 15. Qxd1 Bg5 16. Rg1 Bxe3+ 17. Nxe3 g6 18. Qd5 Qc7 19. Nc4 Rd8 20. Rd1 O-O
21. h4 h5 22. Rg1 Kh7 23. Ne3 Qe7 24. Rg5 f6 25. Rg3 Qf7 26. Qa5 Rc8 27. Nd5
Rc5 28. Qd2 f5 29. Nc3 Qe6 30. exf5 Qxf5 31. Qxd6 Rc6 32. Qd1 Qxf2 33. Rg1 Qf4+
34. Kb1 e4 35. a3 Rd6 36. Qe2 e3 37. Nd1 Rd2 38. Qe1 e2 39. Nc3 Qf2 40. Qxd2
Qxg1+ 0-1

[Event "SR 1. liga zapad 2011/2012"]
[Site "?"]
[Date "2012.01.08"]
[Round "7.3"]
[White "Skrabakova, Katarina"]
[Black "Gasa, Andrej"]
[Result "1-0"]
[ECO "B84"]
[WhiteElo "2047"]
[BlackElo "2257"]
[PlyCount "75"]
[EventDate "2011.??.??"]
[TimeControl "180"]

1. e4 c5 2. Nf3 d6 3. d4 cxd4 4. Nxd4 Nf6 5. Nc3 a6 6. Be2 e6 7. O-O Qc7 8. f4
Be7 9. Be3 Nc6 10. Qe1 Nxd4 11. Bxd4 e5 12. fxe5 dxe5 13. Qg3 Bc5 14. Qxg7
Bxd4+ 15. Kh1 Rg8 16. Qxf6 Be6 17. Bh5 Qe7 18. Nd5 Bxd5 19. exd5 Qxf6 20. Rxf6
Rg5 21. Bxf7+ Ke7 22. Raf1 Bxb2 23. Rb6 Ba3 24. Rxb7+ Kd6 25. Rf6+ Kc5 26. Rc6+
Kd4 27. Rb3 e4 28. Rxa3 Rf5 29. Ra4+ Ke3 30. g3 Rxf7 31. Re6 Rf1+ 32. Kg2 Rf2+
33. Kh3 Rxc2 34. Rexe4+ Kf2 35. d6 Rc6 36. Rad4 Rd8 37. d7 Kf3 38. Kh4 1-0

[Event "SR 1. liga zapad 2011/2012"]
[Site "?"]
[Date "2012.03.03"]
[Round "10.3"]
[White "Belak, Stefan"]
[Black "Marko, Anton"]
[Result "1/2-1/2"]
[ECO "A26"]
[WhiteElo "1996"]
[BlackElo "2127"]
[PlyCount "76"]
[EventDate "2011.??.??"]
[TimeControl "180"]

1. c4 e5 2. a3 Nf6 3. d3 g6 4. Nf3 d6 5. g3 Bg7 6. Bg2 O-O 7. O-O Nc6 8. Nc3 h6
9. b4 e4 10. dxe4 Nxe4 11. Nxe4 Bxa1 12. b5 Ne5 13. Bxh6 Nxf3+ 14. Bxf3 Bg7 15.
Bg5 f6 16. Be3 Be6 17. Qd3 Qd7 18. Nc3 c6 19. Rd1 f5 20. Bf4 Qf7 21. bxc6 bxc6
22. Bxc6 Rac8 23. Bd5 Bxc3 24. Bxe6 Qxe6 25. Qxc3 Rxc4 26. Qa5 Rc6 27. Qxa7
Qxe2 28. Qd4 Qe6 29. Qb4 Rd8 30. Qb7 d5 31. Bh6 Qd7 32. Qb2 Kh7 33. Rxd5 Kxh6
34. Rxd7 Rxd7 35. Qh8+ Rh7 36. Qf8+ Rg7 37. Qh8+ Rh7 38. Qf8+ Rg7 1/2-1/2

[Event "SR 1. liga zapad 2011/2012"]
[Site "?"]
[Date "2012.03.03"]
[Round "10.3"]
[White "Dobrotka, Martin"]
[Black "Jakubek, Peter"]
[Result "1/2-1/2"]
[ECO "D40"]
[WhiteElo "2259"]
[BlackElo "2144"]
[PlyCount "71"]
[EventDate "2011.??.??"]
[TimeControl "180"]

1. d4 d5 2. c4 e6 3. Nf3 Nf6 4. Nc3 c5 5. e3 Nc6 6. Be2 cxd4 7. exd4 dxc4 8.
Bxc4 Be7 9. O-O O-O 10. Bg5 Nd5 11. Bxe7 Nxc3 12. Bxd8 Nxd1 13. Rfxd1 Rxd8 14.
Rd2 Na5 15. Rc1 Bd7 16. Be2 Rac8 17. Rdc2 Rxc2 18. Rxc2 Rc8 19. Rxc8+ Bxc8 20.
Kf1 Kf8 21. Ke1 Ke7 22. Kd2 Bd7 23. Ne5 Be8 24. Kc3 Kd6 25. Bh5 g6 26. Bf3 f6
27. Ng4 Ke7 28. Ne3 Nc6 29. d5 exd5 30. Nxd5+ Kf7 31. Nc7 Bd7 32. Bd5+ Ke7 33.
Bg8 Kf8 34. Bd5 Ke7 35. Bg8 Kf8 36. Bd5 1/2-1/2

[Event "SR 1. liga zapad 2011/2012"]
[Site "?"]
[Date "2012.03.03"]
[Round "10.3"]
[White "Gazik, Viktor"]
[Black "Kvassay, Peter"]
[Result "1-0"]
[ECO "C55"]
[WhiteElo "1977"]
[BlackElo "2080"]
[PlyCount "143"]
[EventDate "2011.??.??"]
[TimeControl "180"]

1. e4 e5 2. Nf3 Nc6 3. Bc4 Nf6 4. d3 Be7 5. c3 O-O 6. Bb3 d5 7. exd5 Nxd5 8. h3
Be6 9. O-O Qd7 10. Re1 Bf6 11. Na3 Rfe8 12. Bc2 Rad8 13. Be3 Bf5 14. Qd2 Nxe3
15. Rxe3 e4 16. dxe4 Qxd2 17. Nxd2 Rxd2 18. exf5 Red8 19. Rae1 Kf8 20. Bb3 a6
21. Nc4 R2d3 22. Bc2 Rxe3 23. Nxe3 b5 24. Be4 Ne7 25. Kf1 Ke8 26. Ng4 Rd6 27.
Ke2 Bg5 28. Rd1 Rxd1 29. Kxd1 h6 30. Kc2 f6 31. Kb3 Kd7 32. Kb4 Bc1 33. b3 Nc6+
34. Kc5 Nb8 35. Ne3 Bd2 36. Nd1 Bf4 37. b4 Bd6+ 38. Kd4 Be5+ 39. Kd3 Nc6 40.
Ne3 Bd6 41. Kc2 Nd8 42. g3 c6 43. Kd2 Nb7 44. Nc2 Nd8 45. a3 c5 46. f4 Nc6 47.
Ke3 a5 48. Bd3 axb4 49. axb4 cxb4 50. Bxb5 Bc5+ 51. Kd3 bxc3 52. Kxc3 Kd6 53.
Bxc6 Kxc6 54. Kc4 Kd6 55. Nd4 Bxd4 56. Kxd4 Kc6 57. g4 Kd6 58. h4 Kc6 59. g5
Kd6 60. Ke4 Kc5 61. Kf3 Kd4 62. Kg4 Ke4 63. gxh6 gxh6 64. Kh5 Kxf5 65. Kxh6
Kxf4 66. Kg6 Kg4 67. h5 f5 68. h6 f4 69. h7 f3 70. h8=Q f2 71. Qh1 Kg3 72. Kf5
1-0